 Dungeon Crawl Stone Soup version 0.25-a0-435-g4b9beb1024 (webtiles) character file.

Game seed: 16731554187788483854, levelgen mode: deterministic

0 Emblim88 the Stinger (level 1, 0/13 HPs)
             Began as a Formicid Venom Mage on Jan 29, 2020.
             Slain by a bat (1 damage)
             ... on level 1 of the Dungeon.
             The game lasted 00:00:31 (74 turns).

Emblim88 the Stinger (Formicid Venom Mage)            Turns: 74, Time: 00:00:31

Health: 0/13       AC:  2    Str: 12    XL:     1   Next: 11%
Magic:  1/3        EV: 12    Int: 14    God:
Gold:   5          SH:  0    Dex: 11    Spells: 3/4 levels left

rFire    + . .     SeeInvis +   (no weapon)
rCold    . . .     Gourm    .   (no shield)
rNeg     . . .     Faith    .   a - +0 robe
rPois    +         Spirit   .   (helmet unavailable)
rElec    .         Reflect  .   (no cloak)
rCorr    .         Harm     .   (no gloves)
MR       +....                  (no boots)
Stlth    ++........             (no amulet)
HPRegen  0.00/turn              (no ring)
MPRegen  0.08/turn              (no ring)

@: no status effects
A: permanent stasis, dig shafts and tunnels, four strong arms, antennae 3, fire
resistance 1, magic resistance 1, poison resistance, inhibited regeneration
a: Dig, Shaft Self


You were on level 1 of the Dungeon.
You were not hungry.

You visited 1 branch of the dungeon, and saw 1 of its levels.

You collected 5 gold pieces.

Inventory:

Missiles
 e - 10 poisoned darts (quivered)
 f - a stone
Armour
 a - a +0 robe (worn)
Scrolls
 d - a scroll of immolation {unknown}
Comestibles
 c - a ration


   Skills:
 + Level 0.0 Fighting
 + Level 1.7 Dodging
 - Level 2.4 Stealth
 + Level 2.2 Spellcasting
 + Level 1.1 Transmutations
 + Level 4.0 Poison Magic


You had 3 spell levels left.
You knew the following spells:

 Your Spells              Type           Power        Failure   Level  Hunger
a - Sting                 Tmut/Pois      #...         9%          1    #......

Your spell library contained the following spells:

 Spells                   Type           Power        Failure   Level  Hunger
 Poisonous Vapours        Pois/Air       #.....       16%         2    ###....
 Ignite Poison            Fire/Tmut/Pois #.......     34%         3    ###....
 Mephitic Cloud           Conj/Pois/Air  #.......     38%         3    ###....
 Olgreb's Toxic Radiance  Pois           ##......     41%         4    #####..


Dungeon Overview and Level Annotations

Branches:
Dungeon (1/15)

Altars:


Innate Abilities, Weirdness & Mutations

You cannot be hasted, slowed, berserked, paralysed or teleported.
You can dig through walls and to a lower floor.
Your four strong arms can wield two-handed weapons with a shield.
You have a pair of large antennae on your head. (SInv)
Your flesh is heat resistant. (rF+)
You are resistant to hostile enchantments. (MR+)
Your system is resistant to poisons. (rPois)
You do not regenerate when monsters are visible.


Message History

* * * LOW HITPOINT WARNING * * *
The bat misses you.
You barely miss the bat. The bat barely misses you.
The bat hits you but does no damage.
You hit the bat.
The bat is moderately wounded.
The bat hits you but does no damage. The bat closely misses you.
You barely miss the bat.
The bat is moderately wounded.
The bat misses you. The bat barely misses you.
You miss the bat.
The bat is moderately wounded.
The bat hits you but does no damage. The bat closely misses you.
It was a potion of mutation.
You feel extremely strange.
You feel resistant to hostile enchantments.
Your regeneration stops near monsters.
You feel resistant to heat.
You feel resistant to poisons. The bat misses you. x2
You closely miss the bat. The bat misses you. The bat hits you.
You die...

..........###.#
..........##..
..........##.###
..##......##...#####
#..........##≈≈≈##
########K.##≈≈P≈≈##
#g##≈≈≈.≈≈≈##
#b#≈≈P.8.P≈≈#
#@#≈≈.....≈≈#
#.8≈.......≈#
#.'.P8.<.8P≈#
#.8≈.......≈#
#.#≈≈.....≈≈#
#.#≈≈P.8.P≈≈#
#.##≈≈≈.≈≈≈###
#..##≈≈P≈≈##.#
#...##≈≈≈##..#


You could see a goblin, a bat and a kobold.

Vanquished Creatures
  A bat (D:1)
1 creature vanquished.

Notes
Turn   | Place    | Note
-------+----------+-------------------------------------------
     0 | D:1      | Emblim88 the Formicid Venom Mage began the quest for the
                  | Orb.
     0 | D:1      | Reached XP level 1. HP: 13/13 MP: 3/3
    73 | D:1      | Gained mutation: You are resistant to hostile enchantments.
                  | (MR+) [potion of mutation]
    73 | D:1      | Gained mutation: You do not regenerate when monsters are
                  | visible. [potion of mutation]
    73 | D:1      | Gained mutation: Your flesh is heat resistant. (rF+)
                  | [potion of mutation]
    73 | D:1      | Gained mutation: Your system is resistant to poisons.
                  | (rPois) [potion of mutation]
    74 | D:1      | Slain by a bat

Levels and vault maps discovered:
D:1:      lightli_arrival_statuegarden, layout_basic, minmay_fountain_box

Action                   || total
-------------------------++-------
Melee: Unarmed           ||    12
 Cast: Sting             ||     3
  Use: Potion            ||     1
Armor: Robe              ||    12
Dodge: Dodged            ||    17

Table legend:
 A = Non-vault XP
 B = Vault XP
 C = Vault XP percentage of total XP
 D = Non-vault monster count
 E = Vault monster count
 F = Vault count percentage of total count
                 A         B        C        D         E       F
            +---------+---------+-------+---------+---------+-------
      Total |       1 |       0 |   0.0 |       1 |       0 |   0.0
            +---------+---------+-------+---------+---------+-------
        D:1 |       1 |       0 |   0.0 |       1 |       0 |   0.0
            +---------+---------+-------+---------+---------+-------
